 Dungeon Crawl Stone Soup version 0.27.0-1-g7a089689b8 (webtiles) character file.

Game seed: 1436488639278003672

707 mainiacjoe the Student (level 7, 0/50 HPs)
             Began as a Grey Draconian Hedge Wizard on Aug 12, 2021.
             Was a Follower of Sif Muna.
             Slain by a two-headed ogre (14 damage)
             ... on level 5 of the Dungeon.
             The game lasted 00:16:10 (6585 turns).

mainiacjoe the Student (DrWz)                       Turns: 6585, Time: 00:16:10

Health: 0/50       AC: 15    Str: 12    XL:     7   Next: 40%
Magic:  14/14      EV: 12    Int: 16    God:    Sif Muna [*.....]
Gold:   237        SH:  5    Dex: 11    Spells: 11/16 levels left

rFire    . . .     SeeInvis .   a - +1 short sword (elec)
rCold    . . .     Faith    .   (no shield)
rNeg     . . .     Spirit   .   (armour unavailable)
rPois    .         Reflect  +   h - +0 hat
rElec    .         Harm     .   q - +0 cloak
rCorr    +         Rampage  .   (no gloves)
Will     .....                  x - +2 pair of boots
Stlth    ++........             l - amulet of reflection
HPRegen  0.16/turn              t - ring of resist corrosion
MPRegen  0.14/turn              (no ring)

@: no status effects
A: AC +11, amphibious, unfitting armour, cold-blooded
a: Renounce Religion, Channel Magic


You were on level 5 of the Dungeon.
You worshipped Sif Muna.
Sif Muna was aware of your devotion.
You visited 2 branches of the dungeon, and saw 6 of its levels.

You collected 291 gold pieces.
You spent 54 gold pieces at shops.

Inventory:

Hand Weapons
 a - a +1 short sword of electrocution (weapon)
 b - a +0 shortbow
 y - the +8 whip of Crawling {flame, Dex+2 Stlth+}
   (You found it on level 5 of the Dungeon)

   It burns those it strikes, dealing additional fire damage.
   Dex:       It affects your dexterity (+2).
   Stlth:     It makes you more stealthy.
 z - a +0 hunting sling
Missiles
 e - 38 bolts
 f - 129 arrows
 i - 56 stones (quivered)
 r - 35 poisoned darts
 v - 2 boomerangs of dispersal {=F}
Armour
 h - a +0 hat (worn)
 o - a +0 pair of gloves
 q - a +0 cloak (worn)
 x - a +2 pair of boots (worn)
Jewellery
 l - an amulet of reflection (around neck)
 t - a ring of resist corrosion (left hand)
Scrolls
 g - a scroll of amnesia {unknown}
 n - a scroll of noise {unknown}
 p - a scroll of summoning {unknown}
 s - a scroll of teleportation
 u - a scroll of enchant armour {unknown}
 A - a scroll of identify {unknown}
 B - a scroll of magic mapping {unknown}
 C - 2 scrolls of fog
Potions
 c - a potion of might {unknown}
 d - a potion of mutation {unknown}
 j - a potion of haste
 k - a potion of degeneration {unknown}
 m - a potion of flight {unknown}
 w - 2 potions of heal wounds
 D - a potion of berserk rage {unknown}


   Skills:
 - Level 1.7 Dodging
 - Level 1.7 Stealth
 - Level 5.0 Spellcasting
 - Level 3.0 Conjurations
 - Level 3.0 Summonings
 + Level 1.9 Translocations
 + Level 5.4 Invocations


You had 11 spell levels left.
You knew the following spells:

 Your Spells              Type           Power      Damage    Failure   Level
a - Magic Dart            Conj           52%        1d5       4%          1
b - Call Imp              Summ           13%        N/A       7%          2
c - Blink                 Tloc           N/A        N/A       11%         2

Your spell library contained the following spells:

 Spells                   Type           Power      Damage    Failure   Level
 Slow                     Hex            4%         N/A       22%         2
 Conjure Flame            Conj/Fire      8%         6-21      24%         3
 Mephitic Cloud           Conj/Pois/Air  7%         N/A       30%         3
 Cause Fear               Hex            2%         N/A       83%         4
 Summon Forest            Summ/Tloc      5%         N/A       83%         5
 Summon Mana Viper        Hex/Summ       8%         N/A       92%         5
 Shadow Creatures         Summ           N/A        N/A       100%        6
 Dragon Form              Tmut           2%         N/A       100%        7
 Dragon's Call            Summ           6%         N/A       100%        9


Dungeon Overview and Level Annotations

Branches:
Dungeon (5/15)             Temple (1/1) D:4

Altars:
Ashenzari
Cheibriados
Elyvilon
Gozag
Hepliaklqana
Kikubaaqudgha
Makhleb
Nemelex Xobeh
Okawaru
Qazlal
Sif Muna
Uskayaw
Vehumet
Wu Jian
Xom
Yredelemnul
Zin
The Shining One

Shops:
D:3 [[[=(

Annotations:
D:2 Sigmund
D:3 1 runed translucent door, Crazy Yiuf
D:5 4 runed translucent doors summoning books


Innate Abilities, Weirdness & Mutations

Your dull iron-grey scales are very hard. (AC +11)
You are amphibious.
You cannot fit into any form of body armour.
You are cold-blooded and may be slowed by cold attacks.


Message History

You hear the crackle of electricity.
a - a +1 short sword of electrocution (weapon)
The orc barely misses you.
You hit the orc. Lightning courses through the orc!
You kill the orc!
Sif Muna accepts your kill.
No reachable target in view!
No reachable target in view!
Your +1 short sword of electrocution stops crackling.
b - a +0 shortbow (weapon)
Things that are here:
a +0 hand axe; an orc corpse
f - 130 arrows (gained 1)
The steam dragon hisses angrily.
There is an open door here.
A two-headed ogre comes into view.
It is wielding a +0 great mace and a +0 giant club.
You shoot an arrow. The arrow hits the two-headed ogre.
The two-headed ogre shouts in stereo!
The two-headed ogre is lightly wounded.
No target in view!
You hear the crackle of electricity.
a - a +1 short sword of electrocution (weapon)
You hit the two-headed ogre but do no damage.
Lightning courses through the two-headed ogre!
You tail-slap the two-headed ogre, but do no damage.
The two-headed ogre is moderately wounded.
The two-headed ogre hits you with a +0 great mace!
The two-headed ogre hits you with a +0 giant club!
You are too injured to fight recklessly!
You are too injured to fight recklessly!
You are too injured to fight recklessly!
You are too injured to fight recklessly!
You are too injured to fight recklessly!
You are too injured to fight recklessly!
You barely miss the two-headed ogre. You tail-slap the two-headed ogre.
The two-headed ogre is moderately wounded.
The two-headed ogre hits you with a +0 great mace!
* * * LOW HITPOINT WARNING * * *
The two-headed ogre hits you with a +0 giant club!
You die...

..#...#8....8#...####.####.......
..+...##8:[8##....#..........####
.#.....######.....#.########'#...
..)###'# #'###..## #........
..##...### #.#.##.## #........
..#.#.##.# ##.#.#..# #........
..#.##.#.# ###.#..##+##........
..#.#.##.# #.#...............
..#.###..# #@#.#.....#'######
..##....####...O##.#.....#....#§§
...######..######..#.....#....§§§
..................##.....########
#.....####################
#######


You could see a two-headed ogre.

Vanquished Creatures
  A centaur (D:5)
  A phantom (D:5)
  A water moccasin zombie (D:5)
  A water moccasin skeleton (D:5)
  A centaur skeleton (D:5)
  2 iguanas (D:5)
  An orc wizard (D:3)
  A scorpion zombie (D:5)
  6 adders
  2 ufetubi
  An adder zombie (D:5)
  2 worms
  5 orcs
  6 ball pythons
  A bat (D:2)
  2 endoplasms (D:3)
  3 giant cockroaches
  A goblin (D:2)
  7 hobgoblins
  4 jackals
  A kobold (D:5)
  A quokka (D:4)
  4 frilled lizards
  7 rats
62 creatures vanquished.

Vanquished Creatures (collateral kills)
  Edmund (D:4)
  A kobold brigand (D:5)
  An orc priest (D:3)
  A jelly (D:4)
  A hound (D:5)
  A bullfrog skeleton (D:5)
  An iguana (D:4)
  An adder (D:3)
  A dart slug (D:4)
  3 orcs (D:3)
  2 goblins
  4 hobgoblins
  4 kobolds
22 creatures vanquished.

Vanquished Creatures (others)
  A kobold (D:3)
1 creature vanquished.

Grand Total: 85 creatures vanquished

Notes
Turn   | Place    | Note
-------+----------+-------------------------------------------
     0 | D:1      | mainiacjoe the Draconian Hedge Wizard began the quest for
                  | the Orb.
     0 | D:1      | Reached XP level 1. HP: 14/14 MP: 4/4
   925 | D:2      | Reached XP level 2. HP: 20/20 MP: 4/6
  1247 | D:2      | Reached XP level 3. HP: 6/26 MP: 1/7
  1497 | D:2      | Learned a level 2 spell: Call Imp
  1622 | D:2      | Found a faded altar of an unknown god.
  1687 | D:2      | Noticed Sigmund
  1946 | D:3      | Found Xoby's Antique Armour Shoppe.
  1946 | D:3      | Found Amoig's Armour Emporium.
  2143 | D:3      | Found Ozoy's Jewellery Shoppe.
  2284 | D:3      | Found Poighe's Antique Armour Boutique.
  2311 | D:3      | Bought a +0 cloak for 54 gold pieces
  2421 | D:3      | Reached XP level 4. HP: 20/33 MP: 4/8
  2640 | D:3      | Found Ziciri's Weapon Shop.
  2653 | D:3      | Found a shimmering blue altar of Sif Muna.
  2856 | D:3      | Found a runed translucent door.
  2857 | D:3      | Noticed Crazy Yiuf
  2975 | D:4      | Learned a level 2 spell: Blink
  3050 | D:4      | Found a staircase to the Ecumenical Temple.
  3064 | Temple   | Entered the Ecumenical Temple
  3346 | D:3      | Became a worshipper of Sif Muna the Loreminder
  3656 | D:4      | Reached skill level 1 in Invocations
  3849 | D:3      | Reached XP level 5. HP: 36/38 MP: 5/10
  4423 | D:4      | Noticed Edmund
  4887 | D:4      | Killed Edmund
  5130 | D:5      | Entered Level 5 of the Dungeon
  5136 | D:5      | Reached * piety under Sif Muna
  5137 | D:5      | Reached XP level 6. HP: 33/45 MP: 12/12
  5273 | D:5      | Found a burning altar of Makhleb.
  5280 | D:5      | Identified the +8 whip of Crawling {flame, Dex+2 Stlth+}
  5280 | D:5      | Identified the +1 robe of Silly Liberty {Str-2 Dex+2 Stlth+
                  | Archmagi}
  5282 | D:5      | Found a large runed translucent door.
  5282 | D:5      | Noticed an acid dragon
  5342 | D:5      | HP: 1/45 [phantom (5)]
  5472 | D:5      | Found a large runed translucent door.
  5472 | D:5      | Found a large runed translucent door.
  5474 | D:5      | Found a large runed translucent door.
  5474 | D:5      | Noticed a steam dragon
  5504 | D:5      | Found a hide-covered altar of Uskayaw.
  5630 | D:5      | Reached skill level 5 in Spellcasting
  5630 | D:5      | Your scales start taking on a dull iron-grey colour.
  5630 | D:5      | Reached XP level 7. HP: 48/50 MP: 7/14
  5870 | D:5      | Reached skill level 5 in Invocations
  6013 | D:5      | Found a snail-covered altar of Cheibriados.
  6293 | D:5      | Noticed a two-headed ogre
  6581 | D:5      | Noticed a two-headed ogre
  6585 | D:5      | Slain by a two-headed ogre

Illustrated notes

Levels and vault maps discovered:
D:1:      minmay_arrival_four_loops, layout_basic, serial_curves,
          eino_curves_03, eino_curves_01, eino_curves_03, eino_curves_01
D:2:      layout_rooms, shapermc_ecumenical_altar_venn, uniq_sigmund
D:3:      layout_rooms, amcnicky_altar_gilded, serial_shops,
          nicolae_diamond_shop, nicolae_shop_trees, shop, shop,
          nicolae_shop_crystal, kennysheep_potato, uniq_crazy_yiuf_cottage
D:4:      layout_cave_pools, temple_statues, minmay_fractal_squares_diagonal_5,
          uniq_edmund
D:5:      layout_gridville, bloody_makhleb, mainiacjoe_overflow_catwalk,
          nicolae_uskayaw_murder_on_the_dancefloor, hangedman_decor_peaks_small,
          minmay_hollow_rounded_squares
Temple:   minmay_temple_curvy_branch

Skill      XL: |  1  2  3  4  5  6  7 |
---------------+----------------------+-----
Conjurations   | 2 3 |  3.0
Summonings     | 2 3 |  3.0
Invocations    | 1 3 4 5 |  5.4
Spellcasting   | 4 5 |  5.0
Dodging        | |  1.7
Stealth        | |  1.7
Translocations | |  1.9

Action                   |  1- 3 |  4- 6 |  7- 9 || total
-------------------------+-------+-------+-------++-------
Melee: Short sword       |    43 |   106 |    39 ||   188
       Dagger            |     7 |       |       ||     7
       Tailslap          |     4 |    11 |     6 ||    21
 Fire: Hunting sling     |    48 |    61 |       ||   109
       Shortbow          |       |       |    10 ||    10
Throw: Stone             |    14 |    11 |       ||    25
       Boomerang         |       |     1 |       ||     1
 Cast: Magic Dart        |    26 |     1 |       ||    27
       Call Imp          |     3 |    27 |     2 ||    32
  Use: Potion            |       |     4 |       ||     4
       Scroll            |       |       |     2 ||     2
 Stab: Sleeping          |     2 |     1 |       ||     3
       Distracted        |       |     1 |       ||     1
Armor: Skin              |     9 |    54 |    15 ||    78
Dodge: Dodged            |    43 |    75 |    34 ||   152
Block: Other             |    13 |    31 |     8 ||    52
       Reflection        |     1 |     1 |       ||     2
